 Dungeon Crawl Stone Soup version 0.30.1-1-g62c8e00024 (webtiles) character file.

Game seed: 15377458499453976295

228 safid the Chiller (level 6, -5/47 HPs)
             Began as a Merfolk Ice Elementalist on July 17, 2023.
             Slain by Grinder (6 damage)
             ... on level 3 of the Dungeon.
             The game lasted 00:04:43 (2787 turns).

safid the Chiller (Merfolk Ice Elementalist)        Turns: 2787, Time: 00:04:44

Health: -5/47      AC:  8    Str:  8    XL:     6   Next: 2%
Magic:  4/11       EV: 12    Int: 17    God:
Gold:   269        SH:  0    Dex: 14    Spells: 5/12 levels left

rFire   . . .        g - +0 trident
rCold   . . .        (no shield)
rNeg    . . .        a - +0 robe
rPois   .            (no helmet)
rElec   .            (no cloak)
rCorr   .            (no gloves)
SInv    .            (no boots)
Will    .....        (no amulet)
Stlth   ++           (no ring)
HPRegen 0.27/turn    (no ring)
MPRegen 0.12/turn

%: no passive effects
@: ice-armoured
A: (nimble swimmer 2), mertail
a: no special abilities


You were on level 3 of the Dungeon.
You visited 1 branch of the dungeon, and saw 3 of its levels.

You collected 269 gold pieces.

Inventory:

Hand Weapons
 g - a +0 trident (weapon)
Armour
 a - a +0 robe (worn)
Wands
 o - a wand of polymorph (6)
Scrolls
 c - a scroll of noise {unknown}
 d - 2 scrolls of amnesia {unknown}
 f - a scroll of enchant armour {unknown}
 h - 2 scrolls of vulnerability {unknown}
 i - a scroll of blinking {unknown}
 j - 2 scrolls of identify {unknown}
 n - a scroll of teleportation {unknown}
Potions
 b - a potion of magic
 e - a potion of curing {unknown}
 k - 2 potions of cancellation {unknown}
 l - a potion of lignification {unknown}
 m - a potion of might {unknown}


   Skills:
 + Level 3.3 Fighting
 - Level 2.6 Dodging
 - Level 2.1 Stealth
 + Level 3.6 Spellcasting
 + Level 5.7 Ice Magic


You had 5 spell levels left.
You knew the following spells:

 Your Spells              Type           Power      Damage    Failure   Level
a - Freeze                Ice            88%        1d9       1%          1
b - Frozen Ramparts       Ice            44%        1d7       4%          3
c - Ozocubu's Armour      Ice            22%        N/A       4%          3

Your spell library contained the following spells:

 Spells                   Type           Power      Damage    Failure   Level
 Hailstorm                Conj/Ice       12%        3d5       16%         3
 Ice Form                 Ice/Tmut       12%        N/A       45%         4
 Summon Ice Beast         Ice/Summ       12%        N/A       45%         4
 Conjure Ball Lightning   Conj/Air       1%         3x3d6     100%        6
 Simulacrum               Ice/Necr       6%         N/A       100%        6
 Discord                  Hex            1%         N/A       100%        8
 Disjunction              Tloc           1%         N/A       100%        8


Dungeon Overview and Level Annotations

Branches:
Dungeon (3/15)

Altars:

Annotations:
D:3 Grinder


Innate Abilities, Weirdness & Mutations

((You are very nimble when in or above water. (Stealth+, EV+, Speed+++)))
Your lower body shifts to a powerful aquatic tail in water.


Message History

* * * LOW HITPOINT WARNING * * *
You writhe in agony.
* * * LOW HITPOINT WARNING * * *
You hit Grinder.
Grinder is moderately wounded.
Grinder completely resists.
The wall freezes Grinder but does no damage.
Grinder hits you.
* * * LOW HITPOINT WARNING * * *
Grinder resists.
The wall freezes Grinder.
Grinder grins, showing sharp teeth.
Grinder misses you.
You closely miss Grinder.
Grinder is heavily wounded.
Grinder completely resists.
The wall freezes Grinder but does no damage.
Grinder closely misses you.
Unknown command.
You puncture Grinder!
Grinder is heavily wounded.
Grinder completely resists.
The wall freezes Grinder but does no damage.
Grinder hits you.
* * * LOW HITPOINT WARNING * * *
You writhe in agony.
* * * LOW HITPOINT WARNING * * *
You hit Grinder.
Grinder is severely wounded.
Grinder completely resists.
The wall freezes Grinder but does no damage.
Grinder misses you.
You barely miss Grinder.
Grinder is severely wounded.
The frozen ramparts melt away.
Grinder misses you. Grinder barely misses you.
You hit Grinder.
Grinder is almost dead.
Grinder hits you.
* * * LOW HITPOINT WARNING * * *
You writhe in agony.
You die...

#########.>.###
#..<...........
#.#######.#.### ###
#.# #.#.# # ... ##<##
#.#.# #
#.####...######.#.# #
####......#......#.#.#
#
.$.....5#...####.#.#.#
# ####@...........#.#
# ####.#####.###># #
#.# #.###.###
#.#####.#......
#...........###
###.#####.#.#####
##...####.........
#∩..♣..∩..♣...####
#..............###


You could see Grinder.

Vanquished Creatures
  Jessica (D:3)
  Ijyb (D:3)
  Natasha (thrice) (D:2)
  4 adders
  An ufetubus (D:3)
  2 dart slugs (D:1)
  8 bats
  4 endoplasms
  A giant cockroach (D:3)
  6 goblins
  4 hobgoblins
  4 jackals
  A quokka (D:1)
  12 ball pythons
  4 frilled lizards
  4 kobolds
  4 rats
64 creatures vanquished.

Notes
Turn   | Place    | Note
-------+----------+-------------------------------------------
     0 | D:1      | safid the Merfolk Ice Elementalist began the quest for the
                  | Orb.
     0 | D:1      | Reached XP level 1. HP: 13/13 MP: 3/3
   234 | D:1      | Reached XP level 2. HP: 20/20 MP: 3/5
   277 | D:1      | Reached skill level 1 in Fighting
   904 | D:1      | Reached XP level 3. HP: 24/26 MP: 4/6
  1138 | D:2      | Learned a level 3 spell: Frozen Ramparts
  1395 | D:2      | Noticed Natasha
  1399 | D:2      | Killed Natasha
  1400 | D:2      | Reached skill level 5 in Ice Magic
  1400 | D:2      | Reached XP level 4. HP: 24/33 MP: 4/8
  1404 | D:2      | Learned a level 3 spell: Ozocubu's Armour
  1472 | D:2      | Noticed Natasha
  1485 | D:2      | Killed Natasha
  1994 | D:2      | Reached XP level 5. HP: 37/39 MP: 7/9
  2199 | D:2      | Noticed Natasha
  2207 | D:2      | Killed Natasha
  2341 | D:3      | Found a faded altar of an unknown god.
  2419 | D:3      | Noticed Jessica
  2425 | D:3      | Killed Jessica
  2580 | D:3      | Noticed Ijyb
  2624 | D:3      | Killed Ijyb
  2689 | D:3      | Reached XP level 6. HP: 47/47 MP: 9/11
  2743 | D:3      | Noticed a black bear
  2766 | D:3      | Noticed Grinder
  2784 | D:3      | HP: 1/47 [Grinder (5)]
  2787 | D:3      | Slain by Grinder

Illustrated notes

Levels and vault maps discovered:
D:1:      roderic_octagonal_star, layout_loops_cross
D:2:      layout_loops_corners, dk_noncrumbling_3, minmay_tromino_v2,
          uniq_natasha
D:3:      layout_loops_ring, fedhas_altar_2, gammafunk_temple_overflow_wave,
          hellmonk_ecumenical_altar_arch_garden, serial_shops,
          nicolae_shop_real_fake_doors, minmay_gold_behind_fungi, uniq_grinder,
          uniq_jessica, uniq_ijyb

Skill      XL: |  1  2  3  4  5 |
---------------+----------------+-----
Fighting       | 1 2 3 |  3.3
Ice Magic      | 5 |  5.7
Spellcasting   | 3 |  3.6
Dodging        | |  2.6
Stealth        | |  2.1

Action                     |  1- 3 |  4- 6 || total
---------------------------+-------+-------++-------
  Melee: Unarmed           |    15 |       ||    15
         Trident           |    30 |    76 ||   106
   Cast: Freeze            |    42 |    24 ||    66
         Frozen Ramparts   |       |     5 ||     5
         Ozocubu's Armour  |       |     2 ||     2
   Stab: Sleeping          |     8 |     9 ||    17
 Armour: Robe              |    16 |    18 ||    34
  Dodge: Dodged            |    58 |    50 ||   108
